 Dungeon Crawl Stone Soup version 0.28.0-53-g5a82cb258f (webtiles) character file.

Game seed: 16172352086760760586

120 safid the Chopper (level 5, -3/46 HPs)
             Began as a Hill Orc Fighter on June 30, 2022.
             Slain by a scorpion (5 damage)
             ... on level 4 of the Dungeon.
             The game lasted 00:03:53 (2915 turns).

safid the Chopper (Hill Orc Fighter)                Turns: 2915, Time: 00:03:53

Health: -3/46      AC:  7    Str: 21    XL:     5   Next: 4%
Magic:  5/5        EV:  9    Int:  8    God:
Gold:   148        SH:  4    Dex: 10    Spells: 4/4 levels left

rFire   . . .      SeeInvis .   a - +0 war axe
rCold   . . .      Faith    .   c - +0 buckler
rNeg    . . .      Spirit   .   b - +0 scale mail
rPois   .          Reflect  .   (no helmet)
rElec   .          Harm     .   (no cloak)
rCorr   .          Rampage  .   (no gloves)
Will    .....                   (no boots)
Stlth   ..........              (no amulet)
HPRegen 0.15/turn               (no ring)
MPRegen 0.09/turn               (no ring)

@: mighty
A: no striking features
a: no special abilities


You were on level 4 of the Dungeon.
You visited 1 branch of the dungeon, and saw 4 of its levels.

You collected 148 gold pieces.

Inventory:

Hand Weapons
 a - a +0 war axe (weapon)
Missiles
 m - 6 javelins (quivered)
 o - 5 poisoned darts
Armour
 b - a +0 scale mail (worn)
 c - a +0 buckler (worn)
Scrolls
 e - 2 scrolls of immolation {unknown}
 g - a scroll of magic mapping {unknown}
 i - 4 scrolls of identify {unknown}
 k - a scroll of teleportation {unknown}
 l - 2 scrolls of holy word {unknown}
 n - a scroll of enchant armour {unknown}
Potions
 f - a potion of curing
 h - a potion of flight {unknown}
 j - 2 potions of brilliance {unknown}


   Skills:
 - Level 4.0 Fighting
 + Level 5.2 Axes
 - Level 4.0 Armour
 - Level 4.0 Shields


You had 4 spell levels left.
You didn't know any spells.
Your spell library was empty.

Dungeon Overview and Level Annotations

Branches:
Dungeon (4/15)
 Temple: D:4-7

Altars:


Message History

You feel sick. The kobold hits you but does no damage.
There is a stone staircase leading up here.
You closely miss the kobold. You closely miss the scorpion.
You feel sick.
The scorpion stings you but does no damage.
The kobold hits you but does no damage. The scorpion closely misses you.
Unknown command.
You barely miss the scorpion.
The scorpion is heavily wounded.
You hit the hound skeleton. You hit the kobold.
You feel sick.
The hound skeleton bites you but does no damage.
The kobold barely misses you.
The scorpion stings you but does no damage.
The hound skeleton barely misses you.
The kobold hits you with a +0 short sword.
* * * LOW HITPOINT WARNING * * *
It was a potion of curing.
You feel better. The scorpion stings you.
The hound skeleton bites you but does no damage.
The kobold hits you but does no damage.
Unknown command.
You feel very mighty all of a sudden. The hound skeleton bites you.
The scorpion stings you.
* * * LOW HITPOINT WARNING * * *
The kobold hits you with a +0 short sword.
* * * LOW HITPOINT WARNING * * *
The hound skeleton bites you but does no damage.
The scorpion stings you but does no damage.
You miss the kobold. You barely miss the scorpion.
You slash the hound skeleton!
The hound skeleton bites you but does no damage.
The scorpion stings you but does no damage.
The kobold hits you with a +0 short sword.
* * * LOW HITPOINT WARNING * * *
Unknown command.
You closely miss the hound skeleton.
The hound skeleton is almost destroyed.
You barely miss the scorpion. You hit the kobold.
You kill the kobold!
The hound skeleton bites you but does no damage.
The scorpion stings you.
You die...

## # ##########.#
.##
..........#.#....
.........>...#.#..
......<..........#
.................##
..........@.......#
.........)sZ.......
.............##...
........(....##..#
.............##..#
####.##....####.<##
#.......####...#
###.#....)...#.#
#..............#


You could see a scorpion and a hound skeleton.

Vanquished Creatures
  5 adders (D:2)
  An adder skeleton (D:4)
  A worm (D:2)
  3 dart slugs (D:1)
  4 ball pythons
  4 endoplasms
  2 giant cockroaches
  8 goblins
  3 hobgoblins
  A quokka (D:2)
  8 bats
  15 frilled lizards
  11 kobolds
  2 rats
68 creatures vanquished.

Vanquished Creatures (others)
  9 plants (D:2)
9 creatures vanquished.

Grand Total: 77 creatures vanquished

Notes
Turn   | Place    | Note
-------+----------+-------------------------------------------
     0 | D:1      | safid the Hill Orc Fighter began the quest for the Orb.
     0 | D:1      | Reached XP level 1. HP: 19/19 MP: 1/1
    92 | D:1      | Found a faded altar of an unknown god.
   191 | D:1      | Reached XP level 2. HP: 19/27 MP: 2/2
   192 | D:1      | Reached skill level 3 in Axes
   713 | D:1      | Reached XP level 3. HP: 33/33 MP: 3/3
  1453 | D:2      | Reached XP level 4. HP: 20/40 MP: 4/4
  1636 | D:2      | Reached skill level 4 in Axes
  2294 | D:3      | Reached skill level 5 in Axes
  2697 | D:3      | Reached XP level 5. HP: 30/46 MP: 5/5
  2914 | D:4      | HP: 2/46 [kobold/+0 short sword (5)]
  2915 | D:4      | Slain by a scorpion

Illustrated notes

Levels and vault maps discovered:
D:1:      psy_arrival_radial02, layout_loops_ring,
          shapermc_ecumenical_altar_venn
D:2:      layout_rooms, grunt_ministairs_11, minmay_lizard_king
D:3:      layout_rooms
D:4:      layout_rooms

Skill      XL: |  1  2  3  4 |
---------------+-------------+-----
Axes           | 3 5 |  5.2
Fighting       | 4 |  4.0
Armour         | 4 |  4.0
Shields        | 4 |  4.0

Action                   |  1- 3 |  4- 6 || total
-------------------------+-------+-------++-------
Melee: War axe           |   119 |    83 ||   202
  Use: Potion            |       |     2 ||     2
Armor: Scale mail        |    66 |    65 ||   131
Dodge: Dodged            |    57 |    47 ||   104
Block: Buckler           |    20 |    21 ||    41
